[Event "*** Titled Tuesday Blitz"]
[Site "Chess.com"]
[Date "2021.02.09"]
[Round "2"]
[White "emperor87"]
[Black "Rap_woyska"]
[Result "1-0"]
[WhiteElo "2712"]
[BlackElo "2475"]
[TimeControl "180+1"]
[EndTime "10:18:14 PST"]
[Termination "emperor87 won by resignation"]

1. d4 d5 2. Nf3 Nf6 3. c4 c6 4.
Bg5 dxc4 5. e3 Bg4 6. Bxf6 exf6 7. Bxc4 Bb4+ 8. Nc3 O-O 9. O-O Nd7 10. h3 Bh5 11.
Be2 f5 12. Rc1 Rc8 13. a3 Bd6 14. Nd2 Bxe2 15. Qxe2 Qf6 16. Qf3 Rfe8 17. Nc4 Bb8 18. Rfd1 Nb6 19. Na5 Rc7 20. b4 Rd7 21. Nb3 Qd6 22. g3 g6 23. Kg2 h5 24. h4 Kg7 25.
Nc5 Rde7 26. Ne2 Nd5 27. Nf4 Nf6 28. Rc3 Qd8 29. Rdc1 Bxf4 30. Qxf4 Qd5+ 31. Qf3 a6 32. Qxd5 Nxd5 33. R3c2 f6 34. Rb2 Kf7 35. a4 g5 36. Rh1 Kg6 37. b5 cxb5 38. axb5 a5 39. b6 f4 40. gxf4 gxf4 41. e4 Nb4 42. Ra1 Rd8 43.
d5 Rc8 44. Rxa5 Rxc5 45. Rxc5 Nd3 46. Rc7 Rxe4 47. Rd2 Ne5 48. f3 Rb4 49. d6 Rxb6 50.
d7 Nxd7 51. Rcxd7 Rb1 52. R7d4 1-0

[Event "*** Titled Tuesday Blitz"]
[Site "Chess.com"]
[Date "2021.02.09"]
[Round "2"]
[White "Grammnik"]
[Black "AlexOstrovskiy"]
[Result "0-1"]
[WhiteElo "2412"]
[BlackElo "2765"]
[TimeControl "180+1"]
[EndTime "10:18:15 PST"]
[Termination "AlexOstrovskiy won on time"]

1. d4 Nf6 2. Nf3 c5 3. d5 d6 4. Nc3 g6 5. e4 Bg7 6. Bb5+ Bd7 7.
a4 O-O 8. O-O Na6 9. Nd2 Nc7 10.
Be2 a6 11. a5 Rb8 12. Nc4 Nb5 13. f3 Nxc3 14. bxc3 Bb5 15. Nb6 Bxe2 16. Qxe2 Nd7 17.
Nxd7 Qxd7 18. Bd2 e6 19. dxe6 Qxe6 20. Qd3 f5 21. exf5 Rxf5 22. Rfe1 Qd7 23. Rab1 d5 24. c4 Rd8 25. Bc3 d4 26. Bd2 Rf7 27. Re4 Qa4 28. h4 Rdf8 29. h5 gxh5 30. Rbe1 Qd7 31. Re6 h4 32.
Qe4 h3 33. gxh3 Rxf3 34. Qg4 Qf7 35. Qg2 Rf2 36. Qg3 Rxd2 37. Re7 Qf2+ 0-1

[Event "*** Titled Tuesday Blitz"]
[Site "Chess.com"]
[Date "2021.02.09"]
[Round "2"]
[White "Piotrek1979"]
[Black "zurzan"]
[Result "1-0"]
[WhiteElo "2369"]
[BlackElo "2002"]
[TimeControl "180+1"]
[EndTime "10:18:15 PST"]
[Termination "Piotrek1979 won by checkmate"]

1. e4 d6 2. d4 Nf6 3. Nc3 Nbd7 4. Nf3 e5 5. Bc4 Be7 6. O-O c6 7. a4 Qc7 8. Re1 h6 9. a5 Nf8 10. h3 g5 11. Qd3 g4 12. hxg4 Bxg4 13. dxe5 dxe5 14. Nh4 N6d7 15. Nf5 Bxf5 16. exf5 O-O-O 17. Bxf7 Kb8 18. Qe2 Bg5 19. Ne4 Bxc1 20. Rexc1 Nh7 21. a6 b6 22. Rd1 Nhf6 23. Nd6 Rhf8 24. Be6 Nc5 25.
Qxe5 Nxe6 26. fxe6 Ng4 27. Qg3 Nxf2 28. e7 Nxd1 29.
exf8=Q Rxf8 30. Rxd1 b5 31. Ne4 Re8 32. Qxc7+ Kxc7 33. Nc5 Kb6 34. b4 Re2 35. Rd7 Rxc2 36. Rb7# 1-0

[Event "*** Titled Tuesday Blitz"]
[Site "Chess.com"]
[Date "2021.02.09"]
[Round "2"]
[White "Euwe1234"]
[Black "reutik"]
[Result "1-0"]
[WhiteElo "2459"]
[BlackElo "2240"]
[TimeControl "180+1"]
[EndTime "10:18:16 PST"]
[Termination "Euwe1234 won on time"]

1. e4 e6 2. d4 d5 3. Nc3 Bb4 4. e5 c5 5. a3 Bxc3+ 6. bxc3 Qa5 7. Bd2 Qa4 8. Qg4 Kf8 9. h4 Nc6 10. Nf3 c4 11. h5 h6 12. Rh3 Nge7 13. Rc1 Qxa3 14. Qf4 Bd7 15. g4 b5 16. g5 hxg5 17. Nxg5 Nf5 18. Be2 Qe7 19. Bg4 Nh6 20. Bf3 a5 21.
Ra1 Rb8 22. Rg3 Nf5 23. Rg1 b4 24. Bg4 Nh6 25. Bh3 Kg8 26. Nf3 Qf8 27. Qf6 Kh7 28. Ng5+ Kg8 29. Nxe6 Bxe6 30. Bxe6 fxe6 31. Qxe6+ Nf7 32.
Qxc6 Rxh5 33. Qxd5 bxc3 34. Bxc3 a4 35. Qxc4 a3 36. e6 Nd6 37. Qd3 1-0

[Event "*** Titled Tuesday Blitz"]
[Site "Chess.com"]
[Date "2021.02.09"]
[Round "2"]
[White "sakkikuska"]
[Black "LamaChampetre"]
[Result "1-0"]
[WhiteElo "2453"]
[BlackElo "2224"]
[TimeControl "180+1"]
[EndTime "10:18:16 PST"]
[Termination "sakkikuska won on time"]

1. e4 c5 2. Nf3 g6 3. d4 cxd4 4.
Nxd4 Nc6 5. c4 Bg7 6. Be3 Nf6 7. Nc3 Ng4 8. Qxg4 Nxd4 9. Qd1 e5 10. Bd3 O-O 11. O-O d6 12. Nb5 Nxb5 13. cxb5 Be6 14. Qd2 d5 15. exd5 Qxd5 16. Rfd1 Rfd8 17. Be4 Qxd2 18.
Rxd2 Rxd2 19. Bxd2 Rd8 20. Be3 b6 21. a4 f5 22. Bc6 e4 23. a5 Bxb2 24. Rb1 Ba2 25. Re1 Bc3 26. axb6 axb6 27. Bxb6 Rd3 28. Rf1 Bc4 29.
h3 Rd2 30. Rc1 Rd3 31. Bc5 Kg7 32. b6 Be5 33. g3 Ba6 34. Be3 f4 35. gxf4 Bd6 36.
Bxe4 1-0

[Event "*** Titled Tuesday Blitz"]
[Site "Chess.com"]
[Date "2021.02.09"]
[Round "2"]
[White "Kapibara_Warri0r"]
[Black "MergenKakabaev"]
[Result "1-0"]
[WhiteElo "2185"]
[BlackElo "2390"]
[TimeControl "180+1"]
[EndTime "10:18:16 PST"]
[Termination "Kapibara_Warri0r won by checkmate"]

1. d4 d5 2. Bf4 Nf6 3. e3 c5 4. c3 Nc6 5. Bd3 Qb6 6. Qc1 c4 7. Bc2 Bg4 8. h3 Bh5 9. Nd2 e6 10. Ngf3 Qd8 11. O-O Bd6 12. Be5 Bxe5 13. Nxe5 Nxe5 14.
dxe5 Nd7 15. f4 b5 16. Nf3 Bxf3 17. Rxf3 Qb6 18. Kh1 g6 19. a4 b4 20. a5 Qc5 21.
Ba4 Rb8 22. Qd2 Ke7 23. e4 bxc3 24. bxc3 Rhd8 25. exd5 Qxd5 26. Qf2 Nc5 27. Bc2 Rb2 28. Kh2 Nd3 29. Qe2 g5 30. f5 Qxe5+ 31. Qxe5 Nxe5 32. Rf2 exf5 33. Re1 f6 34. Rfe2 f4 35. Bxh7 Kf8 36.
Rxb2 Kg7 37. Rb7+ Kh6 38. Bf5 Rd5 39. Rh7# 1-0

[Event "*** Titled Tuesday Blitz"]
[Site "Chess.com"]
[Date "2021.02.09"]
[Round "2"]
[White "Titus369"]
[Black "ChessWarrior7197"]
[Result "0-1"]
[WhiteElo "2565"]
[BlackElo "2953"]
[TimeControl "180+1"]
[EndTime "10:18:17 PST"]
[Termination "ChessWarrior7197 won by resignation"]

1. e4 c5 2. Nf3 d6 3. d4 cxd4 4. Nxd4 Nf6 5. Nc3 a6 6. h3 e6 7. g4 Nfd7 8. Bg2 Be7 9. Be3 Nc6 10. a4 O-O 11. O-O Nde5 12. b3 Ng6 13. f4 Nxd4 14.
Bxd4 e5 15. fxe5 dxe5 16. Be3 Bg5 17. Bxg5 Qxg5 18. Nd5 Be6 19. Qd3 Rad8 20. c4 h5 21. gxh5 Nf4 22. Qf3 Nxh3+ 23. Kh2 Nf4 24. Nxf4 exf4 25.
Rf2 a5 26. Qxf4 Qxh5+ 27. Kg1 Rd1+ 28. Rf1 Rxa1 29. Rxa1 Rd8 30. Rf1 Rd3 31. Rf3 Rd1+ 32. Rf1 Rd8 33. Qc7 Rd2 34. Qf4 Qc5+ 35. Kh2 Rb2 36.
Rf3 Qh5+ 37. Kg1 Rb1+ 38. Rf1 Rxb3 39. e5 Rb2 40. Qd4 Rxg2+ 41. Kxg2 Bh3+ 42. Kg1 Qg5+ 43. Kf2 Qf5+ 44. Kg3 Bxf1 45. Qd8+ Kh7 46. Qh4+ Kg6 47. Qd4 Qd3+ 48. Qxd3+ Bxd3 49. c5 Bc2 50. c6 bxc6 0-1

[Event "*** Titled Tuesday Blitz"]
[Site "Chess.com"]
[Date "2021.02.09"]
[Round "2"]
[White "ChessFighter1975"]
[Black "DonPreuss"]
[Result "0-1"]
[WhiteElo "2423"]
[BlackElo "2226"]
[TimeControl "180+1"]
[EndTime "10:18:17 PST"]
[Termination "DonPreuss won on time"]

1. d4 Nf6 2. c4 e6 3. Bg5 Bb4+ 4.
Nd2 O-O 5. Nf3 d5 6. a3 Be7 7. c5 Ne4 8. Bxe7 Qxe7 9. Nxe4 dxe4 10. Nd2 e3 11. fxe3 b6 12. b4 Bb7 13. Rc1 Qh4+ 14. g3 Qg5 15. Nf3 Qxe3 16. Bg2 Qxa3 17. Qd2 bxc5 18. bxc5 Bd5 19. O-O Qa4 20. Ra1 Qe8 21. Qc2 f5 22. Rfb1 Nc6 23. e3 Rb8 24. Nh4 Bxg2 25.
Nxg2 Qd7 26. Qc4 Kh8 27. Nf4 e5 28. Ne6 Rxb1+ 29. Rxb1 Re8 30. d5 Ne7 31. Rd1 e4 32.
Nf4 Rb8 33. h4 Ng6 34. Ne6 Ne5 35. c6 Nf3+ 36. Kh1 Rb2 0-1

[Event "*** Titled Tuesday Blitz"]
[Site "Chess.com"]
[Date "2021.02.09"]
[Round "2"]
[White "Josjimal"]
[Black "BvsN"]
[Result "0-1"]
[WhiteElo "1872"]
[BlackElo "2355"]
[TimeControl "180+1"]
[EndTime "10:18:17 PST"]
[Termination "BvsN won on time"]

1. e4 c5 2. Nf3 e6 3. d4 cxd4 4.
Nxd4 a6 5. Nc3 Qc7 6. a3 b5 7.
Be2 Bb7 8. O-O Nc6 9. Be3 Nf6 10. f3 Bd6 11. f4 Bc5 12. e5 Qb6 13. Kh1 Bxd4 14.
Bxd4 Qxd4 15. Qxd4 Nxd4 16. exf6 gxf6 17. Bd3 Rg8 18.
Rf2 Ke7 19. Bxh7 Rg7 20. Be4 Bxe4 21. Nxe4 Rc8 22. c3 Nf5 23. b4 d6 24. Rd1 Rc4 25. Re2 Rg8 26. Kg1 d5 27. Nc5 Kd6 28.
Nxa6 Rxc3 29. Ra1 Rgc8 30. Nc5 Nd4 31. Rd2 Nb3 32. Nxb3 Rxb3 33. f5 e5 34. h4 Rh8 0-1

[Event "*** Titled Tuesday Blitz"]
[Site "Chess.com"]
[Date "2021.02.09"]
[Round "2"]
[White "tdf98pantani"]
[Black "NMJeevanK"]
[Result "0-1"]
[WhiteElo "2750"]
[BlackElo "2510"]
[TimeControl "180+1"]
[EndTime "10:18:18 PST"]
[Termination "NMJeevanK won on time"]

1. e4 e5 2. Nf3 Nc6 3. Bb5 a6 4. Ba4 Nf6 5. O-O b5 6. Bb3 Be7 7. Re1 d6 8. c3 O-O 9. h3 Na5 10.
Bc2 c5 11. d4 Qc7 12. Nbd2 cxd4 13. cxd4 Nc6 14. Nf1 exd4 15. Bb3 Qb6 16. a3 Nd7 17.
Bd5 Nde5 18. Ng3 Bf6 19. Bf4 Bb7 20. Rc1 Nxf3+ 21. Qxf3 Ne5 22. Bxe5 dxe5 23. Nh5 Bxd5 24. exd5 Bg5 25. Rc6 Qb8 26. Nxg7 Kxg7 27. Qg4 f6 28. h4 h6 29. hxg5 hxg5 30. Rec1 Ra7 31. d6 Rff7 32.
Rc8 Qxd6 33. Qh5 Rf8 34. R1c6 Qe7 35. Qg4 Rd7 36. Qf5 Rxc8 37. Rxc8 Rd8 0-1

[Event "*** Titled Tuesday Blitz"]
[Site "Chess.com"]
[Date "2021.02.09"]
[Round "2"]
[White "rynos0411"]
[Black "LenkaPtacnikova"]
[Result "1-0"]
[WhiteElo "2408"]
[BlackElo "2165"]
[TimeControl "180+1"]
[EndTime "10:18:18 PST"]
[Termination "rynos0411 won by resignation"]

1. d4 Nf6 2. c4 e6 3. Nf3 Bb4+ 4. Bd2 c5 5. Bxb4 cxb4 6. a3 bxa3 7. Rxa3 O-O 8. Nc3 d5 9. e3 Nc6 10. Bd3 dxc4 11. Bxc4 a6 12. O-O Bd7 13. Bd3 Nb4 14.
Bb1 Rc8 15. Ne5 Be8 16. Ne4 Bb5 17. Re1 Rc7 18. Qd2 Nxe4 19. Bxe4 Nd5 20. Bb1 Qg5 21. f4 Qe7 22. e4 Nf6 23. Rh3 Rd8 24. Nf3 h6 25. f5 exf5 26. e5 Ne4 27. Qf4 Ng5 28. Rg3 Nxf3+ 29. gxf3 Qd7 30. Rd1 Kh8 31. Bxf5 Qd5 32.
Be4 Qe6 33. d5 Qe8 34. Qf5 g6 35. Qf6+ Kh7 36. e6 Re7 37. exf7 Qxf7 38. Bxg6+ 1-0

[Event "*** Titled Tuesday Blitz"]
[Site "Chess.com"]
[Date "2021.02.09"]
[Round "2"]
[White "Chesswizard_2007"]
[Black "03revilo"]
[Result "1-0"]
[WhiteElo "2673"]
[BlackElo "2326"]
[TimeControl "180+1"]
[EndTime "10:18:19 PST"]
[Termination "Chesswizard_2007 won by resignation"]

1. Nf3 Nf6 2. c4 e6 3. e3 d5 4. b3 Be7 5. Bb2 O-O 6. Nc3 c5 7. cxd5 Nxd5 8. Nxd5 exd5 9. Be2 Nc6 10. O-O Bf5 11.
d3 Bf6 12. Bxf6 Qxf6 13. Rc1 b6 14. d4 cxd4 15. Bb5 Ne5 16. Nxd4 Bg4 17. Qd2 Qg6 18. Kh1 Rac8 19. f3 Bd7 20. Ba6 Rxc1 21. Rxc1 Qd6 22. Qc3 Qh6 23. a4 g5 24. Kg1 g4 25. f4 g3 26. h3 Bxh3 27. gxh3 Qxh3 28. Qd2 Ng4 29. Qg2 Qh4 30. Nf5 Qf6 31. Nxg3 Kh8 32. Qd2 Rg8 33. Qd4 Qxd4 34. exd4 Ne3 35. Kf2 Ng4+ 36. Kf3 Nh2+ 37. Kg2 Ng4 38. Rc7 h5 39.
Rc8 h4 40. Rxg8+ Kxg8 41. Nf5 Nf6 42. Nxh4 Ne4 43. Bb7 Nd2 44. Bxd5 Kf8 45. Nf3 Ke7 46. Nxd2 1-0

[Event "*** Titled Tuesday Blitz"]
[Site "Chess.com"]
[Date "2021.02.09"]
[Round "2"]
[White "Deepweb2020"]
[Black "esapunov"]
[Result "0-1"]
[WhiteElo "2480"]
[BlackElo "2730"]
[TimeControl "180+1"]
[EndTime "10:18:20 PST"]
[Termination "esapunov won by resignation"]

1. d4 Nf6 2. c4 g6 3. g3 Bg7 4.
Nf3 O-O 5. Bg2 d6 6. O-O Nc6 7. Nc3 Bf5 8. b3 Ne4 9. Bb2 Nxc3 10. Bxc3 Be4 11. Qd2 d5 12. e3 e6 13. Rac1 Re8 14.
Rfd1 a5 15. a3 h5 16. h4 b6 17. Bb2 Ne7 18. Ng5 Bxg2 19. Kxg2 c6 20. a4 Qd7 21. c5 b5 22. axb5 cxb5 23. Ra1 Nc6 24. Qe2 b4 25. f4 f6 26. Nf3 e5 27. Qc2 e4 28. Ng1 g5 29. Qe2 gxf4 30. gxf4 Qf5 31. Kh2 Kf7 32. Nh3 Rg8 33. Rg1 Bh6 34. Qb5 Qd7 35. Qe2 Rg4 36. Nf2 f5 37. Nxg4 fxg4 38. f5 Bg7 39. f6 Bxf6 40. Raf1 Kg6 41. Qf2 Rf8 42. Qg3 Qe7 43. Rf4 Bxh4 44. Qg2 Rxf4 45. exf4 Bf6 46. f5+ Kf7 47. Qg3 Nxd4 48. Bxd4 Bxd4 49.
Rf1 Be5 50. Rf4 Qg5 0-1

[Event "*** Titled Tuesday Blitz"]
[Site "Chess.com"]
[Date "2021.02.09"]
[Round "2"]
[White "VladimirBugayev"]
[Black "SharapovEvgeny"]
[Result "1/2-1/2"]
[WhiteElo "2268"]
[BlackElo "2457"]
[TimeControl "180+1"]
[EndTime "10:18:20 PST"]
[Termination "Game drawn - insufficient material"]

1. e4 c5 2. Nc3 Nc6 3. Bb5 Nd4 4. Nf3 Nxb5 5. Nxb5 d6 6. d4 a6 7. Nc3 cxd4 8.
Qxd4 e5 9. Qb4 Nf6 10. Bg5 Be7 11. O-O-O O-O 12. Bxf6 Bxf6 13. Qxd6 Qxd6 14. Rxd6 Be6 15. Rhd1 Be7 16. Rb6 Rab8 17. Nxe5 Bc5 18. Rxe6 fxe6 19. Nd7 Bxf2 20. Nxb8 Be3+ 21. Kb1 Rxb8 22. Rd3 Bg1 23. h3 Rf8 24. Rf3 Rxf3 25. gxf3 Kf7 26. Ne2 Be3 27. c3 Kg6 28. Kc2 Kg5 29. Kd3 Bf2 30. Nd4 e5 31. Nf5 g6 32. Nd6 Kh4 33. Ke2 Bb6 34. Nxb7 Kxh3 35.
c4 h5 36. c5 Bc7 37. Kf2 g5 38. Nd6 g4 39. fxg4 Kxg4 40. Ne8 Bd8 41. c6 Kf4 42. c7 Bxc7 43. Nxc7 a5 44. Nd5+ Kxe4 45. Nf6+ Kd3 46. Nxh5 Kc2 47. Ke3 Kxb2 48. Ke4 Kxa2 49. Kxe5 a4 50. Nf4 a3 51. Nd3 Kb3 52. Kd4 a2 53.
Nc1+ Kb2 54. Nxa2 1/2-1/2

[Event "*** Titled Tuesday Blitz"]
[Site "Chess.com"]
[Date "2021.02.09"]
[Round "2"]
[White "zeitnot2006"]
[Black "RD4ever"]
[Result "0-1"]
[WhiteElo "2521"]
[BlackElo "2845"]
[TimeControl "180+1"]
[EndTime "10:18:21 PST"]
[Termination "RD4ever won on time"]

1. d4 Nf6 2. Bf4 g6 3. Nc3 d5 4. Qd2 Bg7 5. h4 c5 6. e3 Nc6 7. dxc5 O-O 8. O-O-O Qa5 9. Kb1 Qxc5 10. Nxd5 Rd8 11.
Nxf6+ Bxf6 12. Qc1 Bf5 13. Bd3 Nb4 14. Bxf5 Qxf5 15.
Nf3 Qe6 16. b3 Nd5 17. Rd3 Nc3+ 18. Rxc3 Bxc3 19. Rd1 Rd5 20. Ng5 Qd7 21. Rxd5 Qxd5 22. e4 Qd7 23. Nf3 Rd8 24. Be5 Bxe5 25. Nxe5 Qd1 26. Nd3 Qxc1+ 27. Kxc1 f6 28. f3 Kf7 29. Kd2 Ke6 30. Ke3 Rc8 31. c4 Kd6 32. g3 Rc7 33. g4 Rc6 34. f4 a5 35. a4 Kc7 36. Kd4 Rb6 37. Kc3 Rd6 38. Kc2 Rd4 39. e5 fxe5 40. Nxe5 Rxf4 41. Kd3 Kd6 0-1

[Event "*** Titled Tuesday Blitz"]
[Site "Chess.com"]
[Date "2021.02.09"]
[Round "2"]
[White "Sokoloco"]
[Black "seorobert1971"]
[Result "0-1"]
[WhiteElo "2475"]
[BlackElo "2711"]
[TimeControl "180+1"]
[EndTime "10:18:21 PST"]
[Termination "seorobert1971 won by resignation"]

1. b3 c5 2. Bb2 Nc6 3. e3 d5 4.
f4 Nf6 5. Nf3 Bg4 6. Bb5 Rc8 7.
O-O e6 8. d3 Be7 9. Nbd2 O-O 10.
Bxc6 Rxc6 11. h3 Bxf3 12. Nxf3 Rc8 13. Ne5 Nd7 14. Nxd7 Qxd7 15. g4 f5 16. g5 Bd6 17.
Qf3 Rce8 18. Qg3 Qc7 19. Be5 Bxe5 20. fxe5 d4 21. Rae1 dxe3 22. Qxe3 Rd8 23. Rf4 b6 24. h4 Qf7 25. Qf3 Rd5 26. h5 Qc7 27. Qe3 Qe7 28.
Qg3 Rfd8 29. Kf2 Rd4 30. Rg1 a5 31. Qf3 R4d5 32. Re1 Qxg5 33. Qg3 Qxg3+ 34. Kxg3 Rd4 35. Rxd4 Rxd4 36. Kf3 Rh4 37. c3 Rh3+ 38. Ke2 Rxh5 39. d4 Rh2+ 40. Kd3 cxd4 41. cxd4 g5 42. d5 exd5 43. e6 Kf8 44. Re5 Rf2 45. e7+ Ke8 46. Kd4 g4 47. Kxd5 g3 48. Ke6 g2 49. Rd5 Re2+ 50.
Kf6 Rxe7 51. Rd1 f4 0-1

[Event "*** Titled Tuesday Blitz"]
[Site "Chess.com"]
[Date "2021.02.09"]
[Round "2"]
[White "Forantes"]
[Black "WonderChampion"]
[Result "1-0"]
[WhiteElo "2378"]
[BlackElo "2056"]
[TimeControl "180+1"]
[EndTime "10:18:21 PST"]
[Termination "Forantes won by resignation"]

1. e4 c5 2. c3 Nf6 3. e5 Nd5 4. Nf3 Nc6 5. Bc4 Nb6 6. Bb5 c4 7. Qe2 d5 8. exd6 Qxd6 9. Bxc4 Nxc4 10. Qxc4 Be6 11. Qe2 Bf5 12. d4 Qg6 13. Nh4 Qf6 14.
Nxf5 Qxf5 15. Be3 e6 16. Nd2 Bd6 17. O-O O-O 18. Qf3 Qg6 19. Ne4 Bc7 20. Nc5 Rab8 21.
Nd7 Rbd8 22. Nxf8 Rxf8 23. Rad1 e5 24. dxe5 Nxe5 25. Qxb7 Bb8 26. Bf4 h6 27. Bxe5 Bxe5 28. g3 Rb8 29. Qd5 Qf6 30. Rd2 Bc7 31. Rfd1 Bb6 32.
Qd6 Re8 33. Qxf6 gxf6 34. Kg2 Kg7 35. Kf3 Re5 36. Rd5 Re6 37. Rd6 Re5 38. R6d5 Re6 39. c4 Rc6 40. b3 a5 41. Rd6 Rxd6 42. Rxd6 Bc5 43. Rd5 Bb4 44. c5 Kf8 45. c6 1-0

[Event "*** Titled Tuesday Blitz"]
[Site "Chess.com"]
[Date "2021.02.09"]
[Round "2"]
[White "jefferyx"]
[Black "Heineccius"]
[Result "1-0"]
[WhiteElo "2991"]
[BlackElo "2572"]
[TimeControl "180+1"]
[EndTime "10:18:22 PST"]
[Termination "jefferyx won by checkmate"]

1. d4 Nf6 2. c4 e6 3. Nc3 Bb4 4. Nf3 O-O 5. Bg5 h6 6. Bh4 c5 7. e3 Qa5 8. Bxf6 Bxc3+ 9. bxc3 Qxc3+ 10. Nd2 gxf6 11. Rc1 Qa3 12. Ne4 f5 13. Nxc5 Nc6 14.
Be2 Qa5+ 15. Qd2 d6 16. Nb3 Qxd2+ 17. Kxd2 Bd7 18. Bf3 Rac8 19. Rc3 Rc7 20. g4 fxg4 21. Bxg4 Rfc8 22. Rhc1 Nb4 23. Rg1 Kf8 24. a3 Nc6 25. Be2 b6 26. Rg3 Ne7 27. Rh3 Kg7 28. Rc1 Ng6 29. Rh5 Ba4 30. Rb1 Bc6 31. Bd3 f5 32. d5 exd5 33. Nd4 Bd7 34. cxd5 Rc5 35. Bxf5 Bxf5 36.
Rxf5 Ne5 37. Rg1+ Kh7 38. f4 Nc4+ 39. Ke2 R5c7 40. Ne6 Re7 41. a4 Nb2 42. Nf8+ Rxf8 43. Rxf8 Nxa4 44. Kf3 Nc5 45. f5 Ne4 46. f6 Re5 47.
Rg7# 1-0

[Event "*** Titled Tuesday Blitz"]
[Site "Chess.com"]
[Date "2021.02.09"]
[Round "2"]
[White "MFBerna"]
[Black "platy3"]
[Result "0-1"]
[WhiteElo "2529"]
[BlackElo "2869"]
[TimeControl "180+1"]
[EndTime "10:18:22 PST"]
[Termination "platy3 won by resignation"]

1. e4 c5 2. Nf3 e6 3. d4 cxd4 4. Nxd4 Nc6 5. Nc3 Qc7 6. Be3 a6 7. Qf3 Ne5 8. Qg3 h5 9. h4 b5 10. Be2 Bb7 11. a3 Nf6 12. O-O Be7 13. Rad1 Rc8 14.
Bf4 d6 15. Rfe1 Qb8 16. Bf1 Nfg4 17. f3 Nf6 18. Rd2 Qa7 19. Kh1 Qc5 20. Red1 O-O 21. Be3 Qc7 22. Bg5 Rfe8 23. Be2 Qc5 24. Be3 Qc7 25. Bf1 Nc4 26. Bxc4 Qxc4 27. Bg5 b4 28. axb4 Qxb4 29. Nde2 d5 30. e5 Nd7 31. Nf4 Bxg5 32. Qxg5 Qe7 33. Qxh5 Rc4 34. Nh3 Rxh4 35. Qxh4 Qxh4 36. Ne2 Nxe5 0-1

[Event "*** Titled Tuesday Blitz"]
[Site "Chess.com"]
[Date "2021.02.09"]
[Round "2"]
[White "Rish_97"]
[Black "SKLGgonkom"]
[Result "1-0"]
[WhiteElo "2721"]
[BlackElo "2334"]
[TimeControl "180+1"]
[EndTime "10:18:22 PST"]
[Termination "Rish_97 won on time"]

1. e4 e5 2. Nf3 Nf6 3. d4 Nxe4 4. Bd3 d5 5. Nxe5 Bd6 6. O-O O-O 7. c4 c6 8. Nc3 Nxc3 9. bxc3 Nd7 10. f4 dxc4 11.
Nxc4 Bc7 12. Ba3 Re8 13. Ne5 Nf6 14. g4 Bxe5 15. fxe5 Bxg4 16. Qc2 Nd5 17. Bxh7+ Kh8 18. Rae1 Qg5 19. Kh1 Re6 20. Be4 Rh6 21. Bc1 Qh4 22.
Bxh6 Qxh6 23. Qg2 Bh3 24. Qg3 Bxf1 25. Rxf1 Rf8 26. Bxd5 cxd5 27. Rf4 Kg8 28. Qf3 Qg6 29. Rg4 Qb1+ 30. Rg1 Qc2 31. Qg3 Qe4+ 32. Rg2 1-0

[Event "*** Titled Tuesday Blitz"]
[Site "Chess.com"]
[Date "2021.02.09"]
[Round "2"]
[White "Yurovskykh_Oleksandr"]
[Black "Murad_Ibrahimli"]
[Result "0-1"]
[WhiteElo "2480"]
[BlackElo "2726"]
[TimeControl "180+1"]
[EndTime "10:18:23 PST"]
[Termination "Murad_Ibrahimli won by checkmate"]

1. d4 g6 2. e4 Bg7 3. Nf3 d6 4. c3 Nf6 5. Bb5+ c6 6. Bd3 O-O 7. O-O c5 8. h3 Qc7 9. Re1 Rd8 10.
d5 e5 11. dxe6 Bxe6 12. c4 b5 13. cxb5 d5 14. exd5 Bxd5 15. Nc3 c4 16. Bc2 Bb7 17. Qe2 Nbd7 18. Be3 Nd5 19. Bd4 Nf4 20. Qe3 Bxf3 21. Bxg7 Nxg2 22. Qh6 Nxe1 23. Rxe1 Re8 24. Re3 Rxe3 25.
Qxe3 Kxg7 26. Qxf3 Re8 27. Kg2 Ne5 28. Qf4 Re6 29. Nd5 Qd6 30. Ne3 Rf6 31. Qe4 h5 32.
h4 Nf3 33. Qxf3 Rxf3 34. Kxf3 Qf6+ 35. Ke2 Qxb2 36. a4 Qd4 37. f3 Qxh4 38. Be4 Qh2+ 39. Kd1 c3 40. Nc2 Qd2# 0-1

[Event "*** Titled Tuesday Blitz"]
[Site "Chess.com"]
[Date "2021.02.09"]
[Round "2"]
[White "guillembaches"]
[Black "digilik"]
[Result "0-1"]
[WhiteElo "2432"]
[BlackElo "2230"]
[TimeControl "180+1"]
[EndTime "10:18:23 PST"]
[Termination "digilik won by resignation"]

1. d4 Nf6 2. c4 g6 3. Nc3 Bg7 4. e4 d6 5. Be2 O-O 6. Bg5 h6 7. Bh4 c5 8. d5 e6 9. Nf3 exd5 10. exd5 g5 11. Bg3 Nh5 12. Nd2 Nxg3 13. hxg3 Bf5 14. g4 Bg6 15. O-O Nd7 16. Nde4 Ne5 17. Qc2 Qd7 18. Rae1 Nxg4 19. Qb3 Ne5 20. Ng3 Nd3 21. Rd1 Nf4 22. Rfe1 Rfe8 23. Bf1 Be5 24. a4 Rab8 25. Re3 Qg4 26. Rde1 h5 27. Rxe5 dxe5 28. Nce4 Kg7 29. Nd6 h4 30. Nxe8+ Rxe8 31. Ne2 Nd3 32.
Rd1 Qf5 33. f3 g4 34. Ng3 hxg3 35. Bxd3 Qh5 36. Bxg6 Qh2+ 37. Kf1 Qh1+ 38. Ke2 Qxg2+ 39. Kd3 Qxf3+ 40. Kc2 Qxb3+ 41. Kxb3 Kxg6 42. d6 f5 43. Rh1 Rd8 44. Rh8 Rxh8 0-1

[Event "*** Titled Tuesday Blitz"]
[Site "Chess.com"]
[Date "2021.02.09"]
[Round "2"]
[White "KarateBaby"]
[Black "CoachHakia"]
[Result "1-0"]
[WhiteElo "2404"]
[BlackElo "2145"]
[TimeControl "180+1"]
[EndTime "10:18:23 PST"]
[Termination "KarateBaby won by resignation"]

1. b3 Nf6 2. Bb2 d6 3. e3 c5 4.
Nf3 e6 5. c4 Be7 6. Nc3 O-O 7.
Be2 b6 8. O-O Bb7 9. Rc1 Nbd7 10. d4 cxd4 11. Nxd4 a6 12. Qd2 Rc8 13. Rfd1 Qc7 14.
Bf3 Bxf3 15. Nxf3 Rfd8 16. h3 Qb7 17. Ne2 Ne4 18. Qc2 Ndf6 19. Qb1 h6 20. Qa1 b5 21. cxb5 axb5 22. Ned4 b4 23. Nd2 Rxc1 24. Qxc1 Rc8 25.
Qa1 Nxd2 26. Rxd2 Ne4 27. Rd1 Bf6 28. Nf3 Bxb2 29. Qxb2 Qc7 30. Nd4 d5 31. a4 Qc3 32.
Qa1 g5 33. a5 Qxa1 34. Rxa1 e5 35. Nb5 Nc5 36. a6 Nxb3 37. Ra2 Nc5 38. a7 b3 39.
a8=Q Rxa8 40. Rxa8+ Kg7 41. Nc3 d4 42. exd4 exd4 43.
Nb1 d3 44. Rc8 Ne4 45. Rd8 d2 46. Nxd2 Nxd2 47. Rxd2 1-0

[Event "*** Titled Tuesday Blitz"]
[Site "Chess.com"]
[Date "2021.02.09"]
[Round "2"]
[White "ljuks68"]
[Black "KafkaesqueKnight"]
[Result "1-0"]
[WhiteElo "2385"]
[BlackElo "2070"]
[TimeControl "180+1"]
[EndTime "10:18:23 PST"]
[Termination "ljuks68 won on time"]

1. e4 c5 2. Nf3 d6 3. d4 cxd4 4. Nxd4 Nf6 5. Nc3 a6 6. Bg5 e6 7. f4 Qb6 8. Qd3 Nc6 9. Nxc6 bxc6 10. O-O-O Rb8 11. b3 d5 12. e5 Ng4 13. Be2 Nf2 14. Qf3 Nxh1 15. Rxh1 Bb4 16. Bh4 Qa5 17. Be1 c5 18.
Qg3 O-O 19. f5 Qa3+ 20. Kb1 Bxc3 21. Bxc3 exf5 22. e6 d4 23. Bb2 Qb4 24. exf7+ Kh8 25. Bc4 a5 26. Qd6 Bb7 27. a3 Qd2 28. Qxc5 Be4 29.
Rc1 Rfc8 30. Qe5 a4 31. Bxd4 Qh6 32. Ka2 1-0

[Event "*** Titled Tuesday Blitz"]
[Site "Chess.com"]
[Date "2021.02.09"]
[Round "2"]
[White "BabyBoss31"]
[Black "AurumO"]
[Result "1-0"]
[WhiteElo "2356"]
[BlackElo "1896"]
[TimeControl "180+1"]
[EndTime "10:18:23 PST"]
[Termination "BabyBoss31 won by resignation"]

1. d4 d5 2. Bf4 Nf6 3. e3 c5 4.
dxc5 Qa5+ 5. Nc3 Qxc5 6. Nb5 Na6 7. Nf3 Bd7 8. a4 e6 9. Be2 Be7 10. O-O O-O 11. Ne5 Bxb5 12. axb5 Nb8 13. c3 Nbd7 14.
Qb3 Nxe5 15. Bxe5 Ne4 16. Bd4 Qc7 17. Rfd1 Bc5 18. f3 Bxd4 19. Rxd4 Nf6 20. Kf2 Qxh2 21. Raa4 Nh5 22. Rh4 Qg3+ 23. Kf1 g6 24. Rag4 Qe5 25. f4 Qf5 26. Rg5 Qb1+ 27. Qd1 Qc1 28. Qxc1 Nf6 29. Qc2 Ne4 30. Rgh5 gxh5 31. Rxh5 Kh8 32.
Rh3 Rg8 33. Bd3 Rg7 34. Bxe4 dxe4 35. Qxe4 Rag8 36. Qxb7 Rxg2 37. Qxg2 Rxg2 38. Kxg2 1-0